 Dungeon Crawl Stone Soup version 0.29-a0-1061-gbc57f8fbdb (webtiles) character file.

Game seed: 14035714995652619958

30 Nedwor the Cutter (level 3, 22/27 HPs)
             Began as a Demonspawn Gladiator on Aug 18, 2022.
             Quit the game on level 2 of the Dungeon.
             The game lasted 00:01:52 (1790 turns).

Nedwor the Cutter (Demonspawn Gladiator)            Turns: 1790, Time: 00:01:53

Health: 22/27      AC:  5    Str: 16    XL:     3   Next: 5%
Magic:  3/3        EV: 12    Int:  9    God:
Gold:   71         SH:  0    Dex: 14    Spells: 2/2 levels left

rFire   . . .      SeeInvis .   a - +0 rapier
rCold   . . .      Faith    .   (no shield)
rNeg    . . .      Spirit   .   b - +0 leather armour
rPois   .          Reflect  .   c - +0 helmet
rElec   .          Harm     .   (no cloak)
rCorr   .          Rampage  .   j - +0 pair of gloves
Will    .....                   (no boots)
Stlth   +.........              (no amulet)
HPRegen 0.09/turn               (no ring)
MPRegen 0.16/turn               (no ring)

@: no status effects
A: foul stench 1, magic regeneration
a: no special abilities


You were on level 2 of the Dungeon.
You visited 1 branch of the dungeon, and saw 2 of its levels.

You collected 71 gold pieces.

Inventory:

Hand Weapons
 a - a +0 rapier (weapon)
Missiles
 d - 3 throwing nets (quivered)
 e - a javelin
Armour
 b - a +0 leather armour (worn)
 c - a +0 helmet (worn)
 j - a +0 pair of gloves (worn)
Scrolls
 h - 2 scrolls of identify {unknown}
 i - a scroll of enchant armour {unknown}
 k - a scroll of silence {unknown}
 l - a scroll of magic mapping {unknown}
Potions
 f - a potion of heal wounds {unknown}
 g - a potion of curing {unknown}
 m - a potion of degeneration {unknown}


   Skills:
 + Level 2.2 Fighting
 * Level 3.1 Short Blades
 + Level 2.0 Throwing
 + Level 0.6 Armour
 + Level 2.9 Dodging


You had 2 spell levels left.
You didn't know any spells.
Your spell library contained the following spells:

 Spells                   Type           Power      Damage    Failure   Level
 Summon Small Mammal      Summ           0%         N/A       45%         1
 Call Canine Familiar     Summ           0%         N/A       83%         3
 Summon Guardian Golem    Hex/Summ       0%         N/A       83%         3


Dungeon Overview and Level Annotations

Branches:
Dungeon (2/15)

Altars:


Innate Abilities, Weirdness & Mutations

You may rarely emit foul miasma when damaged in melee.
You regenerate magic rapidly.


Message History

You kill the jackal!
You barely miss the jackal. The jackal misses you.
The jackal bites you but does no damage.
You closely miss the jackal. The jackal misses you.
Unknown command.
You closely miss the jackal. The jackal bites you.
The jackal bites you but does no damage.
You miss the jackal. The jackal barely misses you.
You hit the jackal but do no damage. The jackal closely misses you.
The jackal bites you but does no damage.
You hit the jackal.
The jackal is severely wounded.
The jackal closely misses you.
You closely miss the jackal.
The jackal is severely wounded.
The jackal completely misses you. The jackal barely misses you.
You hit the jackal.
The jackal is almost dead.
The jackal bites you but does no damage.
You hit the jackal.
You kill the jackal!
You have reached level 3!
Your experience leads to an increase in your attributes!
Increase (S)trength, (I)ntelligence, or (D)exterity?
You feel stronger. x2; Your demonic ancestry asserts itself...
You begin to emit a foul stench of rot and decay.
You hit the jackal.
The jackal is severely wounded.
The jackal bites you. The jackal barely misses you.
You barely miss the jackal.
The jackal is severely wounded.
The jackal bites you but does no damage.
You hit the jackal.
The jackal is almost dead.
The jackal barely misses you.
The jackal bites you but does no damage.
You hit the jackal.
You kill the jackal!
You see here a ball python corpse.
Are you sure you want to abandon this character and quit the game? (Confirm with "yes".)

#..... #.....
#..... #.....
#####. #### #. #
#.. #.
#.#.###### #.
#...@....# #####
## #.....####.#
#...# #
........# #.#
#...# #
#####...# #)#
#...# #
#...####.###...#
#
#.#.[......#..[#
#
#.#.####.#.#...#
### #.#.#
#.#.#...# #.'
#.#.#...####.#


There were no monsters in sight!

Vanquished Creatures
  A dart slug (D:2)
  5 endoplasms
  4 goblins
  2 hobgoblins (D:1)
  4 jackals (D:2)
  3 quokkas (D:1)
  A ball python (D:2)
  2 frilled lizards (D:1)
  A rat (D:1)
23 creatures vanquished.

Notes
Turn   | Place    | Note
-------+----------+-------------------------------------------
     0 | D:1      | Nedwor the Demonspawn Gladiator began the quest for the
                  | Orb.
     0 | D:1      | Reached XP level 1. HP: 16/16 MP: 1/1
   493 | D:1      | Gained mutation: You regenerate magic rapidly. [demonic
                  | ancestry]
   493 | D:1      | Reached XP level 2. HP: 10/22 MP: 2/2
   807 | D:1      | Reached skill level 3 in Short Blades
   962 | D:1      | Found a faded altar of an unknown god.
  1785 | D:2      | Gained mutation: You may rarely emit foul miasma when
                  | damaged in melee. [demonic ancestry]
  1785 | D:2      | Reached XP level 3. HP: 23/27 MP: 3/3
  1790 | D:2      | Quit the game

Illustrated notes

Levels and vault maps discovered:
D:1:      wheals_arrival_linesprint, layout_loops_ring,
          shapermc_ecumenical_altar_mp_highgroup, nicolae_titane
D:2:      layout_basic

Skill      XL: |  1  2 |
---------------+-------+-----
Short Blades   | 3 |  3.1
Throwing       | 2 |  2.0
Fighting       | |  2.2
Armour         | |  0.6
Dodging        | |  2.9

Action                   || total
-------------------------++-------
Melee: Rapier            ||    74
       Punch             ||     1
 Stab: Sleeping          ||     1
Armor: Leather armour    ||    16
Dodge: Dodged            ||    44

Table legend: (Time is in decaauts)
 A = Elapsed time spent in this place.
 B = Non-inter-level travel time spent in this place.
 C = Inter-level travel time spent in this place.
 D = Time resting spent in this place.
 E = Time spent auto-exploring this place.
 F = Levels seen in this place.
 G = Mean time per level.
                   A        B        C        D        E       F      G
               +--------+--------+--------+--------+--------+-----+--------+
         Total |   1793 |   1720 |     73 |    203 |   1346 |   2 |  896.5 |
       Dungeon |   1793 |   1720 |     73 |    203 |   1346 |   2 |  896.5 |
               +--------+--------+--------+--------+--------+-----+--------+

Top non-repeatable levels by time:
     D:1: 1325 daAuts
     D:2: 468 daAuts
